 Dungeon Crawl Stone Soup version 0.25.1-2-g60ff931df9 (webtiles) character file.

Game seed: 4014028023029739100

2396 Johnny the Frost Mage (level 9, -6/62 HPs)
             Began as a Demigod Ice Elementalist on Aug 30, 2020.
             Mangled by a centaur (9 damage)
             ... on level 7 of the Dungeon.
             The game lasted 00:07:32 (7910 turns).

Johnny the Frost Mage (Demigod Ice Elementalist)    Turns: 7910, Time: 00:07:32

Health: -6/62      AC:  6    Str: 11    XL:     9   Next: 2%
Magic:  18/22      EV: 12    Int: 31    God:
Gold:   345        SH:  0    Dex: 16    Spells: 12/20 levels left

rFire    + + .     SeeInvis .   D - +4 flail (venom)
rCold    + . .     Gourm    .   (no shield)
rNeg     . . .     Faith    .   u - +1 leather armour {rF+}
rPois    .         Spirit   .   p - +0 helmet
rElec    .         Reflect  .   d - scarf {rC+ rF+}
rCorr    .         Harm     .   s - +0 pair of gloves
MR       .....                  (no boots)
Stlth    ++........             (no amulet)
HPRegen  0.20/turn              f - ring of wizardry
MPRegen  0.18/turn              x - +6 ring of intelligence

@: frozen ramparts
A: high mp 1
a: no special abilities


You were on level 7 of the Dungeon.
You were not hungry.

You visited 1 branch of the dungeon, and saw 7 of its levels.

You collected 345 gold pieces.

Inventory:

Hand Weapons
 D - a +4 flail of venom (weapon)
Armour
 d - a scarf of resistance (worn)
 p - a +0 helmet (worn)
 s - a +0 pair of gloves (worn)
 u - a +1 leather armour of fire resistance (worn)
Jewellery
 f - a ring of wizardry (left hand)
 x - a +6 ring of intelligence (right hand)
Wands
 t - a wand of polymorph (5)
 C - a wand of acid (8)
Scrolls
 a - 2 scrolls of fear
 b - a scroll of identify
 e - 7 scrolls of remove curse
 h - a scroll of amnesia
 l - 2 scrolls of magic mapping
 m - 2 scrolls of teleportation
 r - a scroll of blinking
 w - a scroll of fog
 y - a scroll of enchant armour
Potions
 i - 2 potions of berserk rage
 j - a potion of brilliance {unknown}
 k - 2 potions of heal wounds {unknown}
 n - a potion of mutation {unknown}
 o - 4 potions of flight {unknown}
 q - a potion of cancellation {unknown}
 z - 2 potions of curing {unknown}
 A - a potion of stabbing {unknown}
 B - 3 potions of degeneration {unknown}
Comestibles
 c - 9 rations
 g - 3 chunks of flesh


   Skills:
 - Level 1.7 Dodging
 - Level 1.7 Stealth
 + Level 6.2 Spellcasting
 * Level 10.0 Ice Magic


You had 12 spell levels left.
You knew the following spells:

 Your Spells              Type           Power        Failure   Level  Hunger
a - Freeze                Ice            ####         1%          1    None
b - Frozen Ramparts       Ice            ######       1%          3    None
e - Summon Ice Beast      Ice/Summ       #####...     3%          4    ##.....

Your spell library contained the following spells:

 Spells                   Type           Power        Failure   Level  Hunger
 Ozocubu's Armour         Chrm/Ice       #####...     1%          3    None
 Animate Skeleton         Necr           N/A          2%          1    None
 Apportation              Tloc           #.....       2%          1    None
 Corona                   Hex            #......      2%          1    None
 Magic Dart               Conj           #...         2%          1    None
 Summon Small Mammal      Summ           #...         2%          1    None
 Hailstorm                Conj/Ice       #####...     3%          4    ##.....
 Blink                    Tloc           N/A          4%          2    None
 Call Imp                 Summ           #.......     4%          2    None
 Searing Ray              Conj           #.....       4%          2    None
 Slow                     Hex            #.......     4%          2    None
 Conjure Flame            Conj/Fire      #.......     8%          3    None
 Dazzling Flash           Conj/Hex       #.....       8%          3    None
 Mephitic Cloud           Conj/Pois/Air  #.......     8%          3    None
 Fulminant Prism          Conj/Hex       #.........   26%         4    ##.....
 Iskenderun's Mystic Bla  Conj/Tloc      #.......     26%         4    ##.....


Dungeon Overview and Level Annotations

Branches:
Dungeon (7/15)
 Temple: D:4-7

Shops:
D:6 *}


Innate Abilities, Weirdness & Mutations

You have an increased reservoir of magic. (+10% MP)


Message History

The centaur barely misses you. The centaur misses you.
Unknown command.
Casting: Freeze (safe; 1% risk of failure)
Confirm with . or Enter, or press ? or * to list all spells.
The walls around you are covered in ice.
The wall freezes the centaur.
The centaur hits you!
* * * LOW HITPOINT WARNING * * *
The wall freezes the centaur.
The centaur hits you!
* * * LOW HITPOINT WARNING * * *
Okay, then.
Okay, then.
Evoke which item? (* to show all) (? for menu, Esc to quit)
Aiming: Corrosive Bolt
Press: ? - help, Shift-Dir - straight line, f/p - centaur
Aim: a centaur, quivering 9 arrows (heavily wounded, berserk, very poisoned)
The bolt of acid hits the centaur!
The centaur is splashed with acid.
The centaur is almost dead.
The wall freezes the centaur.
The centaur barely misses you.
The wall freezes the centaur.
The centaur hits you!
You die...

#################
#.....รท..........
#.###############
#.########.......
#................ #
########.######.#..####.
.. .$.##.#.# #.#....<..
..###.##.#c######.#...####
.........@.##.....#..)# #
##.....####.....#...#
###.##...(..###.....#...#
........(...............#
##....))#.####.....##[[#
.......#[#..# ########..#
.....(.#.##.# #..#
######.#.# .# #..# ..#.#
## #..#


You could see a centaur (berserk, very poisoned).

Vanquished Creatures
  Pikel (D:6)
  A hornet (D:7)
  Sigmund (D:4)
  A golden eye (D:5)
  Edmund (D:6)
  A slave (D:6)
  A sky beast (D:7)
  An ogre (D:5)
  2 bullfrogs
  A scorpion (D:5)
  A wight (D:6)
  3 hounds
  2 jellies
  A bullfrog skeleton (D:4)
  3 orc priests
  2 orc wizards (D:5)
  A centaur skeleton (D:5)
  Jessica (D:2)
  An iguana (D:6)
  Terence (D:3)
  Ijyb (D:3)
  A worker ant (D:5)
  Robin (D:3)
  A hound skeleton (D:7)
  A worker ant zombie (D:5)
  5 gnolls
  5 adders
  An ooze (D:4)
  5 worms
  2 dart slugs
  2 leopard geckos
  13 orcs
  2 ball pythons
  7 bats
  A giant cockroach (D:3)
  8 hobgoblins
  6 jackals
  4 quokkas
  3 frilled lizards
  12 goblins
  5 kobolds
  A quokka zombie (D:7)
  12 rats
126 creatures vanquished.

Vanquished Creatures (collateral kills)
  An ogre (D:5)
  A phantom (D:6)
  3 wights (D:6)
  3 orc priests (D:7)
  2 gnolls (D:7)
  An orc (D:7)
11 creatures vanquished.

Grand Total: 137 creatures vanquished

Notes
Turn   | Place    | Note
-------+----------+-------------------------------------------
     0 | D:1      | Johnny the Demigod Ice Elementalist began the quest for the
                  | Orb.
     0 | D:1      | Reached XP level 1. HP: 14/14 MP: 5/5
   200 | D:1      | Found a shattered altar of Ashenzari.
   633 | D:1      | Reached skill level 4 in Ice Magic
   633 | D:1      | Reached XP level 2. HP: 19/20 MP: 7/7
  1086 | D:2      | Reached XP level 3. HP: 24/26 MP: 5/9
  1131 | D:2      | Learned a level 3 spell: Frozen Ramparts
  1184 | D:2      | Found a bloodstained altar of Trog.
  1184 | D:2      | Found an opulent altar of Gozag.
  1482 | D:2      | Noticed Jessica
  1488 | D:2      | Killed Jessica
  1649 | D:2      | Reached XP level 4. HP: 21/33 MP: 10/10
  2026 | D:3      | Reached skill level 5 in Ice Magic
  2032 | D:3      | Noticed Robin
  2043 | D:3      | Killed Robin
  2199 | D:3      | Noticed Ijyb
  2203 | D:3      | Killed Ijyb
  2203 | D:3      | Reached XP level 5. HP: 38/38 MP: 6/12
  2481 | D:3      | Noticed Terence
  2489 | D:3      | Killed Terence
  3284 | D:4      | Reached skill level 6 in Ice Magic
  3284 | D:4      | Reached XP level 6. HP: 38/45 MP: 14/14
  3508 | D:4      | Noticed Sigmund
  3529 | D:4      | Killed Sigmund
  3700 | D:4      | Found a sacrificial altar of Ru.
  3706 | D:4      | Found an ornate altar of the Wu Jian Council.
  3959 | D:4      | Learned a level 4 spell: Summon Ice Beast
  4224 | D:5      | Entered Level 5 of the Dungeon
  4606 | D:5      | Noticed a golden eye
  4606 | D:5      | an ice beast changed into a golden eye
  4608 | D:5      | Killed a golden eye
  4608 | D:5      | Reached skill level 7 in Ice Magic
  4608 | D:5      | Reached XP level 7. HP: 50/50 MP: 16/16
  5231 | D:5      | Reached skill level 8 in Ice Magic
  5855 | D:6      | Reached skill level 5 in Spellcasting
  5855 | D:6      | Reached XP level 8. HP: 27/57 MP: 2/19
  6071 | D:6      | Found Ynku's Gadget Shoppe.
  6280 | D:6      | Noticed Pikel
  6286 | D:6      | Killed Pikel
  6286 | D:6      | Reached skill level 9 in Ice Magic
  6349 | D:6      | Noticed Edmund
  6363 | D:6      | Killed Edmund
  7018 | D:6      | Found Wipe's Mayhem Merchandise.
  7726 | D:7      | Noticed a hornet
  7736 | D:7      | Paralysed by a hornet for 1 turns
  7740 | D:7      | Paralysed by a hornet for 2 turns
  7741 | D:7      | Killed a hornet
  7741 | D:7      | Reached skill level 10 in Ice Magic
  7741 | D:7      | Reached XP level 9. HP: 32/62 MP: 2/22
  7909 | D:7      | HP: 2/62 [centaur (8)]
  7910 | D:7      | Mangled by a centaur

Illustrated notes

Levels and vault maps discovered:
D:1:      psy_arrival_spokes, layout_loops_ring, ashenzari_altar_1
D:2:      layout_basic, amethyst_overflow_temple_binary, st_stairs_6,
          uniq_jessica
D:3:      layout_loops_ring, first_ration, uniq_ijyb, uniq_robin, uniq_terence
D:4:      layout_loops_corners, grunt_temple_overflow_open, uniq_sigmund
D:5:      layout_basic
D:6:      layout_loops_ring, serial_shops, shop, eino_tiny_chamber,
          dk_noncrumbling_2, minmay_shop_mayhem, uniq_edmund, uniq_pikel
D:7:      layout_basic, grunt_temple_overflow_holy_war, temple_green,
          kennysheep_generic_room_5

Skill      XL: |  1  2  3  4  5  6  7  8 |
---------------+-------------------------+-----
Spellcasting   | 2 3 4 5 6 |  6.2
Ice Magic      | 4 5 6 7 8 10 | 10.0
Dodging        | |  1.7
Stealth        | |  1.7

Action                   |  1- 3 |  4- 6 |  7- 9 || total
-------------------------+-------+-------+-------++-------
Melee: Unarmed           |    16 |       |       ||    16
       Dagger            |    37 |    38 |       ||    75
       Flail             |       |    70 |   108 ||   178
 Cast: Freeze            |    21 |    17 |     4 ||    42
       Frozen Ramparts   |     3 |    12 |     8 ||    23
       Summon Ice Beast  |       |       |    20 ||    20
Evoke: Wand              |       |     2 |     2 ||     4
  Use: Scroll            |       |       |     8 ||     8
 Stab: Sleeping          |     4 |     7 |       ||    11
       Distracted        |       |       |     1 ||     1
  Eat: Chunk             |     3 |    10 |     9 ||    22
       Ration            |       |       |     1 ||     1
Armor: Robe              |    10 |     8 |       ||    18
       Leather armour    |       |    39 |    31 ||    70
Dodge: Dodged            |    46 |    73 |    81 ||   200
